 Dungeon Crawl Stone Soup version 0.16-a0-2010-g98bc240 (webtiles) character file.

639 Kraw the Ruffian (level 7, -9/59 HPs)
             Began as a Troll Venom Mage on Nov 9, 2014.
             Was a Believer of Vehumet.
             Mangled by Menkaure (15 damage)
             ... on level 5 of the Dungeon.
             The game lasted 00:17:10 (3807 turns).

Kraw the Ruffian (Troll Venom Mage)                 Turns: 3807, Time: 00:17:10

Health: -9/59      AC:  5    Str: 17    XL:     7   Next: 26%
Magic:  5/5        EV:  9    Int: 13    God:    Vehumet [**....]
Gold:   207        SH:  0    Dex: 10    Spells: 2 memorised, 4 levels left

rFire  . . .     SeeInvis .       - Unarmed
rCold  . . .     Clarity  .     a - +0 robe
rNeg   . . .     SustAb   .     (shield restricted)
rPois  .         Gourm    +     (helmet restricted)
rElec  .         Spirit   .     (no cloak)
rCorr  .         Warding  .     (gloves unavailable)
rMut   .         Stasis   .     (boots unavailable)
MR     .....                    (no amulet)
Stlth  +.........               (no ring)
                                (no ring)

@: not resistant to hostile enchantments, very unstealthy
A: unfitting armour, claws 3, fast metabolism 3, gourmand, regeneration 2,
shaggy fur 1, tough skin 2
a: Renounce Religion


You were on level 5 of the Dungeon.
You worshipped Vehumet.
Vehumet was pleased with you.
You were very full.

You visited 1 branch of the dungeon, and saw 5 of its levels.

You collected 207 gold pieces.

Inventory:

Hand weapons
 b - a +0 blowgun
 e - a +0 hunting sling
Missiles
 h - 37 sling bullets
 q - 12 javelins (quivered)
 w - 41 poisoned needles
 x - 8 needles of paralysis
 A - 5 curare-tipped needles
Armour
 a - a +0 robe (worn)
 s - a cursed +0 shield
Jewellery
 p - an uncursed ring of stealth {unknown}
 D - an uncursed amulet of guardian spirit {unknown}
Scrolls
 f - 4 scrolls of blinking {unknown}
 i - 2 scrolls of recharging {unknown}
 j - a scroll of amnesia {unknown}
 l - 2 scrolls of remove curse {unknown}
 m - 2 scrolls of enchant weapon {unknown}
 n - 2 scrolls of teleportation {unknown}
 r - a scroll of fog {unknown}
 u - 2 scrolls of enchant armour {unknown}
 v - 7 scrolls of identify {unknown}
 y - a scroll of noise {unknown}
Potions
 d - 2 potions of brilliance {unknown}
 g - a potion of invisibility {unknown}
 B - a potion of curing {unknown}
Books
 t - a Young Poisoner's Handbook

   Spells                             Type                      Level
   *Sting                             Conjuration/Poison           1
   Cure Poison                        Poison                       2
   *Mephitic Cloud                    Conjuration/Poison/Air       3
   Olgreb's Toxic Radiance            Poison                       4
   Venom Bolt                         Conjuration/Poison           5
 z - a book of Maledictions

   Spells                             Type                      Level
   Corona                             Hexes                        1
   Sure Blade                         Hexes/Charms                 2
   Ensorcelled Hibernation            Hexes/Ice                    2
   Confuse                            Hexes                        3
   Dazzling Spray                     Conjuration/Hexes            3
   Enslavement                        Hexes                        4
Comestibles
 c - 4 meat rations
 k - 7 bread rations
 o - a slice of pizza
 C - 2 chunks of flesh


   Skills:
 - Level 1.5 Dodging
 - Level 1.1 Stealth
 + Level 7.6 Unarmed Combat
 - Level 1.2 Spellcasting
 + Level 0.4 Conjurations
 + Level 0.3 Air Magic
 - Level 2.9 Poison Magic


You had 4 spell levels left.
You knew the following spells:

 Your Spells              Type           Power        Failure   Level  Hunger
a - Sting                 Conj/Pois      #...         14%         1    ##.....
b - Mephitic Cloud        Conj/Pois/Air  #.......     52%         3    ####...


Dungeon Overview and Level Annotations

Branches:
Dungeon (5/15)
 Temple: D:4-7

Altars:
Elyvilon
Fedhas
Makhleb
Vehumet
Zin

Annotations:
D:5 Menkaure


Innate Abilities, Weirdness & Mutations

You are too large for most types of armour.
You have claws for hands.
Your metabolism is lightning-fast.
You like to eat raw meat.
You heal very quickly.
You are covered in fur (AC +1).
You have very tough skin (AC +2).


Message History

The rat bites you but does no damage.
You scratch the rat.
You kill the rat!
Vehumet accepts your kill.
You see here a rat corpse.
You start butchering the rat corpse.
You continue butchering the corpse.
You continue butchering the corpse. x2
You finish butchering the rat corpse.
C - 2 chunks of flesh (gained 1) Menkaure shouts!
Menkaure mumbles some strange words.
Menkaure seems to speed up.
Menkaure hits you!!
You closely miss Menkaure. Menkaure hits you!
You scratch Menkaure but do no damage. Menkaure hits you!!
* * * LOW HITPOINT WARNING * * *
You scratch Menkaure.
Menkaure is moderately damaged.
Menkaure hits you!
You die...

#....# ###..........
#.....###............
#....................
#....................
##....................
#.....................
.....#................
...##M.......<........ .#
#.@................
##..................
#................... #####
##...................
#####...###....................
#...>..........................
###............................
########................รท....
##.......................


You could see Menkaure.

Vanquished Creatures
  2 ogres
  Sigmund (D:3)
  A crimson imp (D:5)
  An orc priest (D:3)
  A hound (D:4)
  2 worker ants (D:4)
  An iguana (D:4)
  3 gnolls (D:5)
  10 adders
  A giant mite (D:1)
  A goliath beetle zombie (D:5)
  5 worms
  An ooze (D:1)
  5 orcs
  8 hobgoblins
  A ball python (D:4)
  11 bats
  A giant cockroach (D:2)
  A giant gecko (D:2)
  6 giant newts
  15 goblins
  A hobgoblin skeleton (D:4)
  9 kobolds
  10 rats
98 creatures vanquished.

Notes
Turn   | Place    | Note
--------------------------------------------------------------
     0 | D:1      | Kraw, the Troll Venom Mage, began the quest for the Orb.
     0 | D:1      | Reached XP level 1. HP: 16/16 MP: 2/2
    94 | D:1      | Reached skill level 1 in Unarmed Combat
   313 | D:1      | Reached XP level 2. HP: 24/24 MP: 2/2
   575 | D:2      | Reached XP level 3. HP: 28/31 MP: 3/3
   695 | D:2      | Reached skill level 3 in Unarmed Combat
   755 | D:2      | Found a white marble altar of Elyvilon.
   920 | D:2      | Reached XP level 4. HP: 39/39 MP: 1/4
  1110 | D:2      | Found a burning altar of Makhleb.
  1110 | D:2      | Found a radiant altar of Vehumet.
  1114 | D:2      | Became a worshipper of Vehumet
  1229 | D:2      | Reached skill level 4 in Unarmed Combat
  1269 | D:2      | Found a glowing silver altar of Zin.
  2098 | D:3      | Acquired Vehumet's first power
  2098 | D:3      | Offered knowledge of Magic Dart by Vehumet.
  2122 | D:3      | Reached skill level 5 in Unarmed Combat
  2122 | D:3      | Reached XP level 5. HP: 45/45 MP: 0/4
  2323 | D:3      | Noticed Sigmund
  2340 | D:3      | Killed Sigmund
  2712 | D:4      | Reached XP level 6. HP: 49/53 MP: 3/5
  2750 | D:4      | Reached skill level 6 in Unarmed Combat
  2886 | D:4      | Noticed an ogre
  2893 | D:4      | Killed an ogre
  3147 | D:4      | Reached skill level 7 in Unarmed Combat
  3403 | D:5      | Entered Level 5 of the Dungeon
  3404 | D:5      | Noticed Menkaure
  3537 | D:5      | Found a blossoming altar of Fedhas.
  3585 | D:5      | Offered knowledge of Throw Flame by Vehumet.
  3592 | D:5      | Reached XP level 7. HP: 36/59 MP: 5/5
  3597 | D:5      | Learned a level 3 spell: Mephitic Cloud
  3807 | D:5      | Mangled by Menkaure

Action                   |  1- 3 |  4- 6 |  7- 9 || total
-------------------------+-------+-------+-------++-------
Melee: Unarmed           |    75 |   145 |    24 ||   244
 Fire: Blowgun           |       |     5 |       ||     5
Throw: Javelin           |       |    19 |     1 ||    20
 Cast: Sting             |     8 |    47 |     3 ||    58
 Stab: Sleeping          |     1 |       |       ||     1
  Eat: Chunk             |    10 |    28 |     4 ||    42
